 Dungeon Crawl Stone Soup version 0.27-a0-972-gd1521fd518 (webtiles) character file.

Game seed: 17132169040977177456

42 kae the Ruffian (level 3, -2/29 HPs)
             Began as a Draconian Transmuter on Apr 13, 2021.
             Killed from afar by Sigmund (10 damage)
             ... with a puff of flame
             ... on level 2 of the Dungeon.
             The game lasted 00:00:48 (1834 turns).

kae the Ruffian (Draconian Transmuter)              Turns: 1834, Time: 00:00:49

Health: -2/29      AC:  2    Str: 12    XL:     3   Next: 33%
Magic:  0/6        EV: 19    Int: 14    God:
Gold:   29         SH:  0    Dex: 16    Spells: 2/6 levels left

rFire    . . .     SeeInvis .     - Unarmed
rCold    . . .     Faith    .   (shield currently unavailable)
rNeg     . . .     Spirit   .   (armour unavailable)
rPois    x         Reflect  .   (helmet currently unavailable)
rElec    .         Harm     .   (cloak currently unavailable)
rCorr    .         Rampage  .   (gloves currently unavailable)
Will     .....                  (boots currently unavailable)
Stlth    +.........             (no amulet)
HPRegen  0.09/turn              (no ring)
MPRegen  0.10/turn              (no ring)

@: spider-form (expiring), very slightly contaminated
A: venomous fangs, AC +5, tiny, unfitting armour, (cold-blooded)
a: End Transformation


You were on level 2 of the Dungeon.
You were a venomous arachnid creature.
You visited 1 branch of the dungeon, and saw 2 of its levels.

You collected 29 gold pieces.

Inventory:

Armour
 e - a +2 pair of boots (melded)
Scrolls
 b - a scroll of magic mapping {unknown}
 d - a scroll of summoning {unknown}
Potions
 a - a potion of brilliance {unknown}
 c - a potion of berserk rage {unknown}


   Skills:
 + Level 1.7 Fighting
 + Level 2.0 Dodging
 * Level 3.4 Unarmed Combat
 + Level 2.2 Spellcasting
 * Level 2.7 Transmutations
 * Level 0.1 Poison Magic


You had 2 spell levels left.
You knew the following spells:

 Your Spells              Type           Power      Damage    Failure   Level
a - Beastly Appendage     Tmut           18%        N/A       21%         1
b - Spider Form           Tmut/Pois      2%         N/A       58%         3

Your spell library contained the following spells:

 Spells                   Type           Power      Damage    Failure   Level
 Wereblood                Tmut           9%         N/A       28%         2
 Magic Dart               Conj           4%         1d3       45%         1
 Blink                    Tloc           N/A        N/A       56%         2
 Call Imp                 Summ           1%         N/A       56%         2
 Slow                     Hex            1%         N/A       56%         2
 Conjure Flame            Conj/Fire      1%         6-21      77%         3
 Mephitic Cloud           Conj/Pois/Air  1%         N/A       77%         3
 Ice Form                 Ice/Tmut       5%         N/A       92%         4
 Hydra Form               Tmut           4%         N/A       98%         5


Dungeon Overview and Level Annotations

Branches:
Dungeon (2/15)

Altars:

Annotations:
D:2 Sigmund


Innate Abilities, Weirdness & Mutations

You are a venomous arachnid creature.
You have poisonous fangs.
You are tiny and dextrous.
Your spellcasting is less reliable in this form.
Your armour is entirely melded.
You are incapable of wielding weapons or throwing items.
((Your plain brown scales are hard. (AC +5)))
You cannot fit into any form of body armour.
((You are cold-blooded and may be slowed by cold attacks.))


Message History

Sigmund shouts!
There is a large open door here.
Sigmund is nearby!
Sigmund is nearby!
Casting: Beastly Appendage (safe; 8% risk of failure)
Confirm with . or Enter, or press ? or * to list all spells.
The spell is extremely dangerous to cast (36% risk of failure)!
Continue anyway? [Y]es or [N]o only, please.
The spell is extremely dangerous to cast (36% risk of failure)!
Continue anyway?
You miscast Spider Form.
You are very lightly contaminated with residual magic.
Nothing appears to happen.
Sigmund hits you but does no damage.
Casting: Spider Form (extremely dangerous; 36% risk of failure)
Confirm with . or Enter, or press ? or * to list all spells.
The spell is extremely dangerous to cast (36% risk of failure)!
Continue anyway? [Y]es or [N]o only, please.
The spell is extremely dangerous to cast (36% risk of failure)!
Continue anyway?
You turn into a venomous arachnid creature.
Your +2 pair of boots melds into your body.
Sigmund closely misses you. Sigmund gestures at you while chanting.
The puff of flame hits you.
You barely miss Sigmund. Sigmund closely misses you.
You hit Sigmund.
Sigmund is poisoned.
Sigmund is lightly wounded.
Sigmund closely misses you.
You hit Sigmund.
Sigmund looks as sick as possible!
Sigmund is moderately wounded.
Sigmund gestures at you while chanting. The magic dart hits you.
You completely miss Sigmund.
Sigmund is moderately wounded.
Your transformation is almost over.
Sigmund hits you with a +2 antimagic scythe!
* * * LOW HITPOINT WARNING * * *
You hit Sigmund but do no damage.
Sigmund looks as sick as possible!
Sigmund is heavily wounded.
Sigmund points at you and mumbles some strange words.
The puff of flame hits you!
You die...

#...........#
##+#####...........#
...................#
...................########
...................#.......
..................(#.......
#..######'##########.......
#. ####'####### #....... #
#....s@....# #.......
#.....)....# #.......
#..........# #.......
#..........# #.......
#..........# ######..
#..........# #.#
#..........# #.#
#..........#########..
#...<......


You could see Sigmund (extremely poisoned).

Vanquished Creatures
  3 dart slugs (D:1)
  A bat (D:2)
  3 endoplasms
  A giant cockroach (D:1)
  A goblin (D:1)
  6 hobgoblins
  4 jackals (D:1)
  A quokka (D:1)
  A frilled lizard (D:2)
  5 kobolds
  4 rats
30 creatures vanquished.

Notes
Turn   | Place    | Note
-------+----------+-------------------------------------------
     0 | D:1      | kae the Draconian Transmuter began the quest for the Orb.
     0 | D:1      | Reached XP level 1. HP: 16/16 MP: 3/3
   260 | D:1      | Reached XP level 2. HP: 23/23 MP: 3/5
   869 | D:1      | Reached XP level 3. HP: 9/28 MP: 4/6
   887 | D:1      | Learned a level 3 spell: Spider Form
  1752 | D:2      | Found a faded altar of an unknown god.
  1826 | D:2      | Noticed Sigmund
  1834 | D:2      | Killed from afar by Sigmund

Illustrated notes

Levels and vault maps discovered:
D:1:      minmay_arrival_doors, layout_basic, serial_rivers,
          chequers_serial_rivers_room_a, chequers_serial_rivers_small_b,
          chequers_serial_rivers_small_b, chequers_serial_rivers_marsh,
          minmay_pentomino_r2
D:2:      layout_basic, basic_ecumenical_altar, uniq_terence, uniq_sigmund

Skill      XL: |  1  2 |
---------------+-------+-----
Dodging        | 2 |  2.0
Fighting       | |  1.7
Unarmed Combat | |  3.4
Spellcasting   | |  2.2
Transmutations | |  2.7
Poison Magic   | |  0.1

Action                   || total
-------------------------++-------
Melee: Unarmed           ||   110
       Kick              ||     9
       Headbutt          ||     6
       Tailslap          ||     9
       Punch             ||     1
 Cast: Beastly Appendage ||    17
       Spider Form       ||     1
Armor: Skin              ||    29
Dodge: Dodged            ||    73

Table legend: (Time is in decaauts)
 A = Elapsed time spent in this place.
 B = Non-inter-level travel time spent in this place.
 C = Inter-level travel time spent in this place.
 D = Time resting spent in this place.
 E = Time spent auto-exploring this place.
 F = Levels seen in this place.
 G = Mean time per level.
                   A        B        C        D        E       F      G
               +--------+--------+--------+--------+--------+-----+--------+
         Total |   1829 |   1816 |     13 |     10 |   1569 |   2 |  914.5 |
       Dungeon |   1829 |   1816 |     13 |     10 |   1569 |   2 |  914.5 |
               +--------+--------+--------+--------+--------+-----+--------+

Top non-repeatable levels by time:
     D:1: 1637 daAuts
     D:2: 192 daAuts
